 Dungeon Crawl Stone Soup version 0.18-a0-1773-gec4f98e (webtiles) character file.

1874 F1L1N the Blocker (level 9, -5/68 HPs)
             Began as a Formicid Fighter on Apr 14, 2016.
             Was a Follower of Okawaru.
             Killed by divine providence
             ... invoked by an orc priest
              (15 damage)
             ... on level 7 of the Dungeon.
             The game lasted 00:16:56 (5636 turns).

F1L1N the Blocker (Formicid Fighter)                Turns: 5636, Time: 00:16:56

Health: -5/68      AC: 24    Str: 24    XL:     9   Next: 36%
Magic:  9/9        EV:  8    Int: 12    God:    Okawaru [*.....]
Gold:   432        SH: 12    Dex: 10    Spells: 1 memorised, 7 levels left

rFire  . . .     SeeInvis +     r - +1 mace (protect)
rCold  . . .     Gourm    .     l - +0 chain mail {MR+}
rNeg   + . .     Faith    .     c - +0 shield
rPois  +         Spirit   .     (helmet unavailable)
rElec  .         Dismiss  .     (no cloak)
rCorr  .         Reflect  .     m - +0 pair of gloves
SustAt .         Harm     +     J - +0 pair of boots
MR     +....                    L - amulet "Zesabbaf" {Harm *Drain rPois rN+ Int+4 Stlth-}
Stlth  ..........               j - +3 ring of protection
                                h - +4 ring of protection

@: somewhat resistant to hostile enchantments, extremely unstealthy
A: permanent stasis, dig shafts and tunnels, four strong arms, antennae 3,
blurry vision 1
a: Dig, Shaft Self, Heroism, Renounce Religion


You were on level 7 of the Dungeon.
You worshipped Okawaru.
Okawaru was aware of your devotion.
You were not hungry.

You visited 2 branches of the dungeon, and saw 8 of its levels.
You also visited: Sewer.

You collected 432 gold pieces.

Inventory:

Hand Weapons
 r - a +1 mace of protection (weapon)
 G - a +2 morningstar
Armour
 c - a +0 shield (worn)
 l - a +0 chain mail of magic resistance (worn)
 m - a +0 pair of gloves (worn)
 J - a +0 pair of boots (worn)
Jewellery
 h - a +4 ring of protection (left hand)
 j - a +3 ring of protection (right hand)
 o - an uncursed amulet of magic regeneration
 I - an uncursed ring of resist corrosion
 L - the amulet "Zesabbaf" (around neck) {Harm *Drain rPois rN+ Int+4 Stlth-}
   (You found it on level 7 of the Dungeon)

   [amulet of harm]

   It increases damage dealt and taken.
   It affects your intelligence (+4).
   It protects you from poison.
   It protects you from negative energy.
   It makes you less stealthy.
Wands
 n - a wand of flame (8/48)
 w - a wand of slowing (23/48)
 x - a wand of disintegration (11/24)
Scrolls
 k - 7 scrolls of enchant weapon
 p - 4 scrolls of remove curse
 q - a scroll of magic mapping
 y - a scroll of fog {unknown}
 A - a scroll of immolation {unknown}
 D - 2 scrolls of noise {unknown}
 F - a scroll of acquirement {unknown}
 K - a scroll of identify
Potions
 b - a potion of ambrosia
 d - a potion of might
 e - 3 potions of flight
 i - 2 potions of lignification
 s - 3 potions of curing
 u - a potion of magic
 v - a potion of invisibility
 z - 2 potions of mutation {unknown}
 B - a potion of cure mutation {unknown}
 E - a potion of brilliance
Comestibles
 a - 2 beef jerkies
 f - 3 bread rations
 g - a royal jelly
 t - 2 meat rations
 C - a slice of pizza
 H - 7 chunks of flesh


   Skills:
 + Level 5.5 Fighting
 * Level 6.3 Maces & Flails
 + Level 5.0 Armour
 * Level 10.3 Shields
 + Level 0.4 Spellcasting
 + Level 1.2 Hexes


You had 7 spell levels left.
You knew the following spells:

 Your Spells              Type           Power        Failure   Level  Hunger
a - Corona                Hex            #......      97%         1    ##.....


Dungeon Overview and Level Annotations

Branches:
Dungeon (7/15)             Temple (1/1) D:6

Altars:
Ashenzari
Cheibriados
Dithmenos
Fedhas
Kikubaaqudgha
Makhleb
Nemelex Xobeh
Okawaru
Pakellas
Sif Muna
Xom
Yredelemnul
Zin
The Shining One

Shops:
D:7 [


Innate Abilities, Weirdness & Mutations

You are under a permanent stasis effect.
You can dig through walls and to a lower floor.
Your four strong arms can wield two-handed weapons with a shield.
You have a pair of large antennae on your head (SInv).
Scrolls take you a little longer to read.


Message History

You kill the orc priest!
Okawaru accepts your kill. You block the orc priest's attack.
You hit the orc priest.
The orc priest is heavily wounded.
The orc hits you with a club.
You barely miss the orc priest.
The orc priest is heavily wounded.
The orc priest closely misses you. You block the orc's attack.
You closely miss the orc priest.
The orc priest is heavily wounded.
The orc priest calls down the wrath of Beogh upon you.
Beogh smites you!
* * * LOW HITPOINT WARNING * * *
You block the orc's attack.
Things that are here:
a dagger; a robe The orc priest invokes the aid of Beogh against you.
Beogh smites you!
You die...

#..#####..##... #
#.
#.)..##..#####..#
#. #..##))#.##
#.# #< #. ##...#
... #. .. #.l.#
#. .. #.#o# ###.
.. #..#o####.....
. #..##......##..
#.......@......#
#....##......####
##### #......#
########


You could see an iguana, an orc priest and an orc.

Vanquished Creatures
  A sky beast (D:7)
  A necrophage (D:7)
  An ice beast (D:5)
  A phantom (D:4)
  2 ogres
  2 centaurs (D:6)
  A gnoll sergeant (D:5)
  A giant frog (D:6)
  A scorpion (D:5)
  3 wights (D:6)
  A giant frog zombie (D:5)
  A centaur zombie (D:5)
  2 orc priests
  A centaur skeleton (D:6)
  An iguana (D:6)
  Terence (D:3)
  5 orc wizards
  A siren (Sewer)
  5 worker ants
  A merfolk avatar (Sewer)
  A hound zombie (D:3)
  A hound skeleton (D:5)
  5 gnolls
  14 adders
  3 river rats
  A shadow imp (D:4)
  An ooze (D:1)
  2 adder skeletons
  2 adder zombies (D:1)
  2 worms
  3 dart slugs
  9 giant geckos
  8 orcs
  11 bats
  2 giant cockroaches
  5 hobgoblins
  17 jackals
  8 kobolds
  4 quokkas
  5 ball pythons
  A giant gecko skeleton (D:4)
  10 giant newts
  5 goblins
  28 rats
181 creatures vanquished.

Notes
Turn   | Place    | Note
--------------------------------------------------------------
     0 | D:1      | F1L1N the Formicid Fighter began the quest for the Orb.
     0 | D:1      | Reached XP level 1. HP: 18/18 MP: 1/1
    34 | D:1      | Reached XP level 2. HP: 11/24 MP: 2/2
   427 | D:1      | Reached XP level 3. HP: 18/30 MP: 3/3
   502 | D:1      | Reached skill level 4 in Shields
  1014 | D:2      | Reached XP level 4. HP: 35/37 MP: 4/4
  1596 | D:3      | Noticed Terence
  1607 | D:3      | Killed Terence
  1607 | D:3      | Reached skill level 5 in Shields
  1607 | D:3      | Reached XP level 5. HP: 29/42 MP: 5/5
  1737 | D:3      | Found a deep blue altar of Sif Muna.
  2119 | D:3      | Found a glowing golden altar of the Shining One.
  2389 | D:3      | Reached XP level 6. HP: 48/48 MP: 6/6
  2402 | D:3      | Identified Sif Muna's Incunabulum of Earthen Hexes
  2416 | D:4      | Reached skill level 6 in Shields
  2441 | D:4      | Noticed an ogre
  2470 | D:3      | Learned a level 1 spell: Corona
  2481 | D:4      | Killed an ogre
  2709 | D:4      | Reached XP level 7. HP: 54/54 MP: 3/7
  2802 | D:4      | Reached skill level 7 in Shields
  2905 | D:4      | Reached skill level 1 in Hexes
  2995 | D:4      | Found a glowing drain.
  2999 | Sewer    | Entered a sewer
  3072 | Sewer    | Gained mutation: Scrolls take you a little longer to read. [mutagenic glow]
  3868 | D:5      | Entered Level 5 of the Dungeon
  3939 | D:5      | Reached XP level 8. HP: 61/61 MP: 8/8
  3942 | D:5      | Found an ancient bone altar of Kikubaaqudgha.
  4227 | D:5      | Reached skill level 8 in Shields
  4372 | D:5      | Found a sparkling altar of Nemelex Xobeh.
  4515 | D:5      | Reached skill level 5 in Maces & Flails
  4591 | D:6      | Reached skill level 5 in Fighting
  4610 | D:6      | Reached skill level 9 in Shields
  4774 | D:6      | Found a blossoming altar of Fedhas.
  4786 | D:6      | Found a staircase to the Ecumenical Temple.
  4815 | Temple   | Entered the Ecumenical Temple
  4830 | Temple   | Became a worshipper of Warmaster Okawaru
  4945 | D:6      | Reached XP level 9. HP: 48/68 MP: 9/9
  5286 | D:6      | Found a glowing silver altar of Zin.
  5287 | D:6      | Noticed an angel
  5406 | D:7      | Found a shattered altar of Ashenzari.
  5459 | D:7      | Found Vahewuh's Antique Armour Shop.
  5489 | D:7      | Reached * piety under Okawaru
  5489 | D:7      | Reached skill level 10 in Shields
  5531 | D:7      | Got a clouded ruby amulet
  5533 | D:7      | Identified the amulet "Zesabbaf" {Harm *Drain rPois rN+ Int+4 Stlth-} (You found it on level 7 of the Dungeon)
  5595 | D:7      | Reached skill level 5 in Armour
  5636 | D:7      | Killed from afar by an orc priest

Vault maps used:
D:1:      saegor_arrival_fortress
D:2:      dk_noncrumbling_2
D:3:      lemuel_round_altar, led_sif_book, uniq_terence
D:4:      lemuel_upstairs_altar, gup_sewer_entry_bowl
D:5:      kennysheep_mini_moat, lemuel_coloured_pillars_altar, first_bread
D:6:      zin_angel, fedhas_bush_and_centaur_altar,
          minmay_temple_entry_statues_pillars
D:7:      serial_shops, shop_fountains, ashenzari_altar_1
Temple:   nicolae_temple_god_jail
Sewer:    sewer_sea

Skill      XL: |  1  2  3  4  5  6  7  8  9 |
---------------+----------------------------+-----
Shields        | 4 5 6 7 9 10 | 10.3
Maces & Flails | 3 4 5 6 |  6.3
Armour         | 4 5 |  5.0
Fighting       | 4 5 |  5.5
Hexes          | 1 |  1.2
Spellcasting   | |  0.4

Action                   |  1- 3 |  4- 6 |  7- 9 || total
-------------------------+-------+-------+-------++-------
Melee: Flail             |   140 |    90 |       ||   230
       Mace              |       |    99 |   627 ||   726
 Abil: Dig               |       |     2 |     1 ||     3
  Use: Scroll            |     1 |     9 |     3 ||    13
       Potion            |       |       |     2 ||     2
  Eat: Chunk             |     1 |     6 |    12 ||    19
Armor: Scale mail        |    58 |     8 |       ||    66
       Chain mail        |       |   100 |   387 ||   487
       Skin              |       |       |    62 ||    62
Dodge: Dodged            |    42 |    56 |   141 ||   239
Block: Shield            |    88 |   110 |   476 ||   674
